 Dungeon Crawl Stone Soup version 0.28.0 (webtiles) character file.

Game seed: 354612493782498758

27 Prodoman the Magician (level 2, -3/19 HPs)
             Began as a Demonspawn Hedge Wizard on Feb 4, 2022.
             Slain by a hobgoblin (5 damage)
             ... led by Robin
             ... on level 2 of the Dungeon.
             The game lasted 00:04:07 (1507 turns).

Prodoman the Magician (Demonspawn Hedge Wizard)     Turns: 1507, Time: 00:04:08

Health: -3/19      AC:  2    Str:  8 (10) XL:     2   Next: 93%
Magic:  6/6        EV: 12    Int: 13 (15) God:
Gold:   89         SH:  0    Dex: 11 (12) Spells: 3/7 levels left

rFire   . . .      SeeInvis .   a - +0 dagger
rCold   . . .      Faith    .   (no shield)
rNeg    . . .      Spirit   .   b - +0 robe
rPois   .          Reflect  .   c - +0 hat
rElec   .          Harm     .   (no cloak)
rCorr   .          Rampage  .   (no gloves)
Will    .....      Clarity  +   (no boots)
Stlth   ++........              (no amulet)
HPRegen 0.06/turn               (no ring)
MPRegen 0.20/turn               (no ring)

@: invisible
A: magic regeneration, hooves 1, clarity
a: no special abilities


You were on level 2 of the Dungeon.
You visited 1 branch of the dungeon, and saw 2 of its levels.

You collected 89 gold pieces.

Inventory:

Hand Weapons
 a - a +0 dagger (weapon)
Armour
 b - a +0 robe (worn)
 c - a +0 hat (worn)
Scrolls
 f - a scroll of teleportation {unknown}
 g - a scroll of holy word {unknown}
 h - a scroll of blinking {unknown}
 i - a scroll of vulnerability {unknown}
Potions
 e - a potion of invisibility


   Skills:
 - Level 2.0 Dodging
 - Level 2.0 Stealth
 * Level 3.4 Spellcasting
 + Level 1.4 Conjurations
 + Level 0.2 Hexes
 + Level 1.4 Summonings
 - Level 0.8 Translocations


You had 3 spell levels left.
You knew the following spells:

 Your Spells              Type           Power      Damage    Failure   Level
a - Magic Dart            Conj           24%        1d4       12%         1
b - Call Imp              Summ           5%         N/A       19%         2
c - Slow                  Hex            8%         N/A       21%         1

Your spell library contained the following spells:

 Spells                   Type           Power      Damage    Failure   Level
 Blink                    Tloc           8%         N/A       24%         2
 Conjure Flame            Conj/Fire      4%         6-21      43%         3
 Mephitic Cloud           Conj/Pois/Air  3%         N/A       47%         3
 Ignite Poison            Fire/Tmut/Pois 2%         N/A       54%         3
 Freezing Cloud           Conj/Ice/Air   1%         6-21      99%         5


Dungeon Overview and Level Annotations

Branches:
Dungeon (2/15)

Altars:

Annotations:
D:2 Robin


Innate Abilities, Weirdness & Mutations

You regenerate magic rapidly.
You have large cloven feet.
You possess an exceptional clarity of mind.


Message History

The goblin hits you but does no damage. Robin throws the goblin at you!
The goblin hits you with a +0 dagger.
The hobgoblin no longer looks unusually strong.
The goblin barely misses you. x2
The goblin hits you with a +0 dagger.
Found a stone staircase leading down.
The hobgoblin no longer looks unusually strong. x2
The goblin no longer looks unusually strong.
Your crimson imp blinks!
The hobgoblin no longer looks unusually strong.
The goblin closely misses you.
Robin roars a battlecry!
The goblins go into a battle-frenzy!
The hobgoblin no longer looks unusually strong.
The goblin no longer looks unusually strong.
The goblin hits you with a +0 dagger. The goblin misses you.
The goblin no longer looks unusually strong.
The goblin shoots a stone.
The stone closely misses you.
Your crimson imp hits the hobgoblin.
The hobgoblin hits your crimson imp. The goblin hits you with a +0 dagger.
* * * LOW HITPOINT WARNING * * *
The goblin shoots a stone.
The stone hits you.
* * * LOW HITPOINT WARNING * * *
Your crimson imp hits the goblin.
The goblin dies!
Robin closely misses your crimson imp. The hobgoblin barely misses you.
Your crimson imp hits Robin but does no damage.
Your crimson imp barely misses Robin.
It was a potion of invisibility.
You fade into invisibility!
The hobgoblin closely misses you.
Your crimson imp hits Robin.
It was a potion of degeneration.
There was something very wrong with that liquid.
You feel weakened.
You feel dopey.
You feel clumsy. The hobgoblin closely misses you.
The goblin shoots a stone.
The stone barely misses the goblin.
The stone barely misses the hobgoblin.
It was a potion of mutation.
You feel extremely strange.
Your feet thicken and deform.
Your thoughts seem clearer.
The hobgoblin hits you.
You die...

#### >..
#.########.# ...
#...@gggg..###
..
######ggg....###
.g #gg........
.# #.gg5...# )#
#
#.......####.#..
#...........)..#
#..............#
#..............#
#......#####.###


You could see Robin, 5 hobgoblins, 3 goblins and a friendly crimson imp
(summoned).

Vanquished Creatures
  4 bats
  A giant cockroach (D:1)
  4 goblins
  3 hobgoblins
  2 jackals (D:2)
  2 quokkas (D:1)
  A ball python (D:1)
  2 frilled lizards (D:1)
  2 kobolds (D:1)
21 creatures vanquished.

Vanquished Creatures (collateral kills)
  2 goblins (D:2)
2 creatures vanquished.

Grand Total: 23 creatures vanquished

Notes
Turn   | Place    | Note
-------+----------+-------------------------------------------
     0 | D:1      | Prodoman the Demonspawn Hedge Wizard began the quest for
                  | the Orb.
     0 | D:1      | Reached XP level 1. HP: 13/13 MP: 4/4
   807 | D:1      | Gained mutation: You regenerate magic rapidly. [demonic
                  | ancestry]
   807 | D:1      | Reached XP level 2. HP: 16/19 MP: 0/6
  1227 | D:1      | Learned a level 2 spell: Call Imp
  1229 | D:1      | Learned a level 1 spell: Slow
  1483 | D:2      | Noticed Robin
  1507 | D:2      | Gained mutation: You have large cloven feet. [potion of
                  | mutation]
  1507 | D:2      | Gained mutation: You possess an exceptional clarity of
                  | mind. [potion of mutation]
  1507 | D:2      | Slain by a hobgoblin

Illustrated notes

Levels and vault maps discovered:
D:1:      elethiomel_arrival_shortcut, layout_basic, minmay_misc_feat_pillars,
          minmay_misc_feat_room, minmay_misc_feat_ornament
D:2:      layout_basic, minmay_tetromino_s4, uniq_robin

Skill      XL: |  1  2 |
---------------+-------+-----
Stealth        | 2 |  2.0
Dodging        | 2 |  2.0
Spellcasting   | |  3.4
Conjurations   | |  1.4
Hexes          | |  0.2
Summonings     | |  1.4
Translocations | |  0.8

Action                   || total
-------------------------++-------
Melee: Dagger            ||    28
       Punch             ||     1
 Cast: Magic Dart        ||    49
       Call Imp          ||     2
  Use: Potion            ||     3
Armor: Robe              ||     9
Dodge: Dodged            ||    41
